 Dungeon Crawl Stone Soup version 0.28.0 (webtiles) character file.

Game seed: 17465208918680192934

3798 danielguo94 the Basher (level 10, -3/60 HPs)
             Began as a Gargoyle Fighter on Feb 5, 2022.
             Was a Follower of the Shining One.
             Slain by an orc knight (11 damage)
             ... in a bailey.
             The game lasted 00:11:54 (6555 turns).

danielguo94 the Basher (Gargoyle Fighter)           Turns: 6555, Time: 00:11:54

Health: -3/60      AC: 27    Str: 22    XL:     10   Next: 16%
Magic:  10/10      EV:  6    Int:  9    God:    the Shining One [*.....]
Gold:   338        SH: 21    Dex: 17    Spells: 9/9 levels left

rFire   + . .      SeeInvis .   J - +3 flail (freeze)
rCold   . . .      Faith    .   F - +0 tower shield
rNeg    + . .      Spirit   .   E - +3 chain mail {rPois}
rPois   ∞          Reflect  .   s - +0 helmet
rElec   +          Harm     .   G - +0 cloak
rCorr   .          Rampage  .   y - +2 pair of gloves of Valiance {+Inv rF+ Stlth-}
Will    +....                   C - +0 pair of boots
Stlth   ..........              (no amulet)
HPRegen 0.20/turn               k - +6 ring of dexterity
MPRegen 0.12/turn               f - ring of willpower

@: mighty, divinely shielded, glowing
A: sickness immunity, AC +7, negative energy resistance 1, electricity
resistance, torment resistance 1, petrification resistance
a: Renounce Religion, Evoke Invisibility, Divine Shield


You were in a bailey.
You worshipped the Shining One.
The Shining One was aware of your devotion.
You visited 2 branches of the dungeon, and saw 8 of its levels.
You also visited: Sewer and Bailey.

You collected 387 gold pieces.
You spent 49 gold pieces at shops.

Inventory:

Hand Weapons
 J - a +3 flail of freezing (weapon)
Missiles
 g - 153 stones
 j - 4 javelins
 l - 5 boomerangs
 A - a throwing net
 D - 6 atropa-tipped darts
Armour
 s - a +0 helmet (worn)
 y - the +2 pair of gloves of Valiance (worn) {+Inv rF+ Stlth-}
   (You found it on level 5 of the Dungeon)

   rF:        It protects you from fire.
   +Inv:      It lets you turn invisible.
   Stlth:     It makes you less stealthy.
 C - a +0 pair of boots (worn)
 E - a +3 chain mail of poison resistance (worn)
 F - a +0 tower shield (worn)
 G - a +0 cloak (worn)
Jewellery
 f - a ring of willpower (right hand)
 k - a +6 ring of dexterity (left hand)
 w - a ring of ice
Wands
 t - a wand of iceblast (5) (quivered)
Scrolls
 a - 2 scrolls of vulnerability {unknown}
 e - 5 scrolls of teleportation
 p - a scroll of blinking {unknown}
 r - 2 scrolls of brand weapon {unknown}
 u - a scroll of magic mapping
 v - a scroll of fear
 x - 2 scrolls of enchant armour {unknown}
Potions
 b - a potion of flight {unknown}
 c - a potion of brilliance {unknown}
 d - a potion of might
 h - a potion of ambrosia
 i - 2 potions of resistance
 m - 5 potions of attraction
 n - a potion of heal wounds
 o - a potion of magic {unknown}
 q - a potion of mutation {unknown}
 z - a potion of lignification {unknown}
 B - 2 potions of invisibility {unknown}
 H - a potion of curing {unknown}
 I - a potion of berserk rage {unknown}


   Skills:
 + Level 5.9 Fighting
 * Level 10.8 Maces & Flails
 + Level 6.6 Armour
 + Level 2.4 Dodging
 + Level 7.0 Shields
 * Level 1.2 Invocations


You had 9 spell levels left.
You didn't know any spells.
Your spell library contained the following spells:

 Spells                   Type           Power      Damage    Failure   Level
 Pain                     Necr           0%         1d4       100%        1
 Dazzling Flash           Conj/Hex       0%         N/A       100%        3
 Hailstorm                Conj/Ice       0%         3d3       100%        4
 Ice Form                 Ice/Tmut       0%         N/A       100%        4
 Agony                    Necr           0%         N/A       100%        5
 Excruciating Wounds      Necr           0%         N/A       100%        5
 Silence                  Hex/Air        0%         N/A       100%        5
 Simulacrum               Ice/Necr       0%         N/A       100%        6


Dungeon Overview and Level Annotations

Branches:
Dungeon (7/15)             Temple (1/1) D:5           Sewer (visited)
 Bailey (1/1)

Altars:
Ashenzari
Elyvilon
Fedhas
Gozag
Nemelex Xobeh
Okawaru
Qazlal
Vehumet
Yredelemnul
The Shining One

Shops:
D:1 [   D:5 *

Annotations:
D:5 3 runed translucent doors, ragingrage's ghost, novice MiBe


Innate Abilities, Weirdness & Mutations

You are immune to sickness and miasma.
Your stone body is resilient. (AC +7)
You are immune to poison.
You resist negative energy. (rN+)
You are resistant to electric shocks. (rElec)
You are resistant to unholy torment.
You are immune to petrification.


Message History

The orc knight is moderately wounded.
The orc knight roars a battlecry!
The orc knight goes into a battle-frenzy!
You sock the orc knight! You freeze the orc knight.
The orc knight is heavily wounded.
You block the orc knight's attack.
You bludgeon the orc knight!! You freeze the orc knight.
The orc knight is almost dead.
You block the orc knight's attack.
You hit the orc knight but do no damage.
The orc knight is almost dead.
You block the orc knight's attack.
You hit the orc knight. You freeze the orc knight.
The orc knight is almost dead.
The orc knight hits you with a +0 broad axe!!
The Shining One protects you from harm!
The orc knight hits you with a +0 broad axe!!
The Shining One protects you from harm! The orc knight barely misses you.
You bludgeon the orc knight!! You freeze the orc knight.
You kill the orc knight!
You block the orc knight's attack.
Your Shields skill increases to level 7!
Your Invocations skill increases to level 1!
Unknown command.
Unknown command.
You sock the orc knight! You freeze the orc knight.
The orc knight is heavily wounded.
The goblin seems to regain its courage.
You block the orc knight's attack.
You bludgeon the orc knight!! You freeze the orc knight.
The orc knight is almost dead.
You block the goblin's attack.
The orc knight hits you with a +0 war axe.
* * * LOW HITPOINT WARNING * * *
Unknown command.
You hit the orc knight. You freeze the orc knight.
The orc knight is almost dead.
You block the goblin's attack.
The orc knight hits you with a +0 war axe!
You die...

##....o..###
##.....####
##...####
###...##
##.....##
##.......##
#.........#
#.o..∩....#
#@g.......#
##.......##
###...###
#####


You could see an orc knight (strong) and a goblin.

Vanquished Creatures
  An orc knight (Bailey)
  Grinder (D:3)
  Sigmund (D:5)
  2 wyverns
  Edmund (D:5)
  A sky beast (D:5)
  A black bear (D:6)
  An ice beast (D:6)
  A necrophage (D:4)
  2 ogres
  A centaur (D:6)
  A phantom (D:5)
  3 scorpions
  A water moccasin skeleton (D:5)
  5 killer bees (D:7)
  4 wights (D:6)
  A bullfrog zombie (D:5)
  2 centaur zombies
  A centaur skeleton (D:4)
  A gnoll shaman (D:5)
  2 jellies
  2 bullfrog skeletons
  Crazy Yiuf (D:5)
  2 hounds
  3 orc priests
  4 iguanas
  Natasha (thrice) (D:3)
  2 orc wizards (D:7)
  A howler monkey skeleton (D:5)
  5 gnolls
  6 adders
  3 river rats (Sewer)
  A shadow imp (D:7)
  A white imp (D:5)
  An ufetubus (D:4)
  3 worms (D:3)
  4 dart slugs
  26 orcs
  11 ball pythons
  12 endoplasms
  5 giant cockroaches
  6 goblins
  7 hobgoblins
  4 jackals (D:4)
  A quokka (D:1)
  5 bats
  14 frilled lizards
  9 kobolds
  7 rats
183 creatures vanquished.

Vanquished Creatures (others)
  A quokka (D:5)
  3 fungi (D:5)
4 creatures vanquished.

Grand Total: 187 creatures vanquished

Notes
Turn   | Place    | Note
-------+----------+-------------------------------------------
     0 | D:1      | danielguo94 the Gargoyle Fighter began the quest for the
                  | Orb.
     0 | D:1      | Reached XP level 1. HP: 14/14 MP: 1/1
    76 | D:1      | Reached XP level 2. HP: 12/19 MP: 2/2
   360 | D:1      | Reached XP level 3. HP: 23/23 MP: 3/3
   512 | D:1      | Found Otsomost's Armour Boutique.
  1153 | D:2      | Reached skill level 3 in Maces & Flails
  1396 | D:2      | Found a faded altar of an unknown god.
  1505 | D:3      | Reached XP level 4. HP: 28/28 MP: 4/4
  1693 | D:3      | Noticed Grinder
  1723 | D:3      | Paralysed by Grinder for 3 turns
  1741 | D:3      | Found a glowing drain.
  1743 | D:3      | Killed Grinder
  1744 | D:3      | Reached skill level 5 in Maces & Flails
  1744 | D:3      | Reached XP level 5. HP: 26/33 MP: 5/5
  1744 | D:3      | Reached XP level 6. HP: 30/38 MP: 6/6
  1752 | Sewer    | Entered a sewer
  2017 | Sewer    | Found a viscous altar of Jiyva.
  2478 | D:3      | Noticed Natasha
  2482 | D:3      | Killed Natasha
  2483 | D:3      | Reached skill level 6 in Maces & Flails
  2483 | D:3      | Reached skill level 1 in Dodging
  2483 | D:3      | Reached XP level 7. HP: 43/43 MP: 7/7
  2692 | D:3      | Noticed Natasha
  2707 | D:3      | Killed Natasha
  3021 | D:3      | Noticed Natasha
  3026 | D:3      | Killed Natasha
  3839 | D:4      | Reached skill level 7 in Maces & Flails
  4072 | D:5      | Entered Level 5 of the Dungeon
  4075 | D:5      | Identified the +2 pair of gloves of Valiance {+Inv rF+
                  | Stlth-}
  4098 | D:5      | Reached XP level 8. HP: 41/48 MP: 8/8
  4240 | D:5      | Found a white marble altar of Elyvilon.
  4256 | D:5      | Noticed Sigmund
  4275 | D:5      | Killed Sigmund
  4315 | D:5      | Reached skill level 8 in Maces & Flails
  4522 | D:5      | Noticed Edmund
  4537 | D:5      | Killed Edmund
  4538 | D:5      | Reached skill level 5 in Armour
  4585 | D:5      | Found a staircase to the Ecumenical Temple.
  4602 | Temple   | Entered the Ecumenical Temple
  4702 | Temple   | Became a worshipper of the Shining One
  4775 | D:5      | Found Iskyibi's Mass Market.
  4793 | D:5      | Reached skill level 5 in Fighting
  4814 | D:5      | Bought a +0 tower shield for 49 gold pieces
  4966 | D:5      | Reached skill level 9 in Maces & Flails
  5034 | D:5      | Found a runed translucent gate.
  5034 | D:5      | Found a runed translucent gate.
  5034 | D:5      | Found a runed translucent gate.
  5035 | D:5      | Noticed ragingrage's ghost (novice MiBe)
  5046 | D:5      | Reached XP level 9. HP: 54/54 MP: 9/9
  5057 | D:5      | Found a runed translucent door.
  5058 | D:5      | Noticed Crazy Yiuf
  5067 | D:5      | Killed Crazy Yiuf
  5151 | D:6      | Reached skill level 5 in Shields
  5224 | D:6      | Reached * piety under the Shining One
  5499 | D:6      | Reached skill level 10 in Maces & Flails
  6001 | D:6      | Found a broken altar of Ashenzari.
  6194 | D:7      | Found a flagged portal.
  6228 | D:7      | Reached XP level 10. HP: 10/60 MP: 10/10
  6475 | Bailey   | Entered a bailey
  6483 | Bailey   | Noticed an orc knight
  6497 | Bailey   | Noticed an orc knight
  6498 | Bailey   | Noticed an orc knight
  6539 | Bailey   | HP: 3/60 [orc knight (21)]
  6540 | Bailey   | The Shining One protects you from harm!
  6551 | Bailey   | The Shining One protects you from harm!
  6551 | Bailey   | The Shining One protects you from harm!
  6552 | Bailey   | Killed an orc knight
  6553 | Bailey   | Reached skill level 1 in Invocations
  6555 | Bailey   | Slain by an orc knight

Illustrated notes

Levels and vault maps discovered:
D:1:      dpeg_arrival_lava_altar, layout_loops_corners, serial_shops, shop,
          minmay_lizard_pond
D:2:      layout_basic, shapermc_ecumenical_altar_hornbeckon
D:3:      layout_basic, cheibrodos_sewer_entry_sluice, uniq_natasha,
          uniq_grinder
D:4:      layout_cave_pods, kennysheep_nub
D:5:      layout_loops_cross, elyvilon_altar_4,
          minmay_temple_entry_proselytizer, gammafunk_ghost_necromancy,
          grunt_decor_resistance, minmay_shop_mass, minmay_misc_feat_columns,
          uniq_sigmund, uniq_crazy_yiuf_cottage, uniq_edmund
D:6:      layout_gridville, mainiacjoe_overflow_surrounded_room
D:7:      layout_cave_pools, nicolae_overflow_hidden_temple, enter_bailey_2
Temple:   dpeg_chambers_temple
Bailey:   bailey_axe_4, bailey

Skill      XL: |  1  2  3  4  5  6  7  8  9 10 |
---------------+-------------------------------+-----
Maces & Flails | 3 5 6 7 9 10 | 10.8
Armour         | 4 5 6 |  6.6
Shields        | 4 6 7 |  7.0
Fighting       | 4 5 |  5.9
Dodging        | 1 2 |  2.4
Invocations    | 1 |  1.2

Action                   |  1- 3 |  4- 6 |  7- 9 | 10-12 || total
-------------------------+-------+-------+-------+-------++-------
Melee: Flail             |   109 |   128 |    61 |    30 ||   328
       Mace              |       |    14 |   311 |       ||   325
Invok: Divine Shield     |       |       |       |     1 ||     1
Evoke: Wand              |       |       |     1 |       ||     1
  Use: Scroll            |     4 |     1 |     3 |     1 ||     9
       Potion            |       |     1 |     2 |     3 ||     6
Armor: Scale mail        |    49 |    74 |    79 |       ||   202
       Chain mail        |       |       |   199 |    16 ||   215
Dodge: Dodged            |    41 |    59 |   123 |     5 ||   228
Block: Buckler           |    24 |    28 |    52 |       ||   104
       Tower shield      |       |       |   170 |    49 ||   219
